 Dungeon Crawl Stone Soup version 0.30-a0-23-ge60ba3568b (webtiles) character file.

Game seed: 7976290836506817925

2979 purpskrrrp the Basher (level 9, -1/57 HPs)
             Began as a Gargoyle Berserker on Aug 24, 2022.
             Was an Elder of Trog.
             Killed by divine providence
             ... invoked by an orc priest
              (12 damage)
             ... on level 8 of the Dungeon.
             The game lasted 00:20:47 (9121 turns).

purpskrrrp the Basher (Gargoyle Berserker)          Turns: 9121, Time: 00:20:48

Health: -1/57      AC: 17    Str: 25    XL:     9   Next: 82%
Magic:  9/9        EV: 11    Int:  8    God:    Trog [****..]
Gold:   407        SH:  0    Dex:  9    Spells: 8/8 levels left

rFire   . . .      SeeInvis .    A - +5 flail
rCold   + . .      Faith    .    (no shield)
rNeg    + . .      Spirit   .    w - +0 scale mail {rC+}
rPois   ∞          Reflect  .    (no helmet)
rElec   +          Harm     .    (no cloak)
rCorr   .          Rampage  .    (no gloves)
Will    .....                    c - +2 pair of boots {Fly}
Stlth   ..........               (no amulet)
HPRegen 0.19/turn                (no ring)
MPRegen 0.11/turn                (no ring)

@: confused, flying
A: sickness immunity, AC +6, negative energy resistance 1, electricity
resistance, torment resistance 1, petrification resistance
a: Renounce Religion, Berserk, Trog's Hand, Brothers in Arms


You were on level 8 of the Dungeon.
You worshipped Trog.
Trog was greatly pleased with you.
You visited 1 branch of the dungeon, and saw 8 of its levels.

You collected 407 gold pieces.

Inventory:

Hand Weapons
 a - a +0 mace
 e - a +7 vampiric spear
 n - a +3 battleaxe
 r - a +2 trident of flaming
 A - a +5 flail (weapon)
Missiles
 d - 9 boomerangs (quivered)
 f - a throwing net
 g - 2 silver javelins
Armour
 b - a +0 animal skin
 c - a +2 pair of boots of flying (worn)
 w - a +0 scale mail of cold resistance (worn)
Wands
 h - a wand of paralysis (10)
 j - a wand of iceblast (10)
Scrolls
 p - 2 scrolls of noise
 s - a scroll of magic mapping {unknown}
 y - a scroll of poison {unknown}
Potions
 i - a potion of attraction {unknown}
 k - a potion of brilliance
 l - a potion of magic {unknown}
 m - 3 potions of lignification
 o - 2 potions of might {unknown}
 q - a potion of mutation {unknown}
 u - a potion of degeneration {unknown}
 v - 2 potions of heal wounds {unknown}
 x - a potion of haste
 z - 2 potions of cancellation {unknown}


   Skills:
 + Level 7.1 Fighting
 * Level 8.8 Maces & Flails
 - Level 2.1 Polearms
 + Level 6.7 Armour
 + Level 5.1 Dodging


You had 8 spell levels left.
You didn't know any spells.
Your spell library contained the following spells:

 Spells                   Type           Power      Damage    Failure   Level
 Passage of Golubria      Tloc           0%         N/A       100%        4
 Silence                  Hex/Air        0%         N/A       100%        5
 Lehudib's Crystal Spear  Conj/Erth      0%         10d2      100%        8


Dungeon Overview and Level Annotations

Branches:
Dungeon (8/15)             Temple (0/1) D:7            Lair (0/5) D:8

Altars:
Dithmenos
Elyvilon
Fedhas
Hepliaklqana
Ru
Vehumet
The Shining One

Shops:
D:5 :   D:7 (


Innate Abilities, Weirdness & Mutations

You are immune to sickness and miasma.
Your stone body is resilient. (AC +6)
You are immune to poison.
You resist negative energy. (rN+)
You are resistant to electric shocks. (rElec)
You are resistant to unholy torment.
You are immune to petrification.


Message History

As you open the door, it creaks loudly!
There is an open door here.
There is an open door here.
You reach down and open the door.
There is an open door here.
You reach down and open the door.
There is an open door here.
A warg comes into view.
The warg howls!
You hear a shout! x2
An orc wizard comes into view. It is wielding a +0 dagger. x2
An orc comes into view. It is wielding a +0 trident.
The orc wizard shouts!
You hear a shout!
An orc comes into view. It is wielding a +0 club.
An orc warrior comes into view. It is wielding a +0 short sword.
You hear a shout!
An orc priest comes into view.
It is wielding a +2 falchion of holy wrath.
Found a staircase to the Lair.
The orc priest shouts!
The orc priest calls down the wrath of Beogh upon you.
Beogh smites you!
The orc wizard casts a spell.
The orc wizard flickers and vanishes!
Deactivating autopickup; reactivate with Ctrl-A.
The orc warrior unwields a +0 short sword.
The orc warrior wields a +0 arbalest.
The orc warrior shoots a bolt.
The bolt closely misses you.
The orc warrior shoots a bolt.
The bolt misses you.
The orc wizard points at you and mumbles some strange words.
You are confused.
The warg bites you!
The orc wizard points at you and mumbles some strange words.
The magic dart hits you but does no damage.
The orc warrior shoots a bolt.
The bolt hits you!! The warg bites you!
* * * LOW HITPOINT WARNING * * *
The warg closely misses you.
You bump into the rock wall.
The orc priest calls down the wrath of Beogh upon you.
Beogh smites you!
You die...

......#######.....#.......#......
............#.....#.......#......
............#.....#.......#......
####'#......#.....#.......#......
.....#......#.....'.......'......
.....#......#.....#.......#......
..>..#......#.....#.......#......
.....# .....###'###.......#.#.#.#
.....# ........@...####'##......
.....# .......h....#....##.#.#.#
.....# ............#....##...)..
.....# ........o...#....#..#.#.#
###'## ....o.......#....+.......
.[...+ ....o.......#....##b#.#.#
.....# ..o..o......#....##......
.....# ............#....##.#D#.#
.....# ....#'#######.......†....


You could see a warg, an orc warrior, an orc priest, an orc wizard and 2 orcs.

Vanquished Creatures
  A wyvern (D:8)
  A yak (D:8)
  3 water moccasins
  An orc warrior (D:6)
  A black bear (D:7)
  6 ogres
  A sky beast (D:6)
  2 phantoms (D:6)
  A kobold brigand (D:8)
  A bullfrog (D:8)
  2 necrophages
  A scorpion (D:6)
  A gnoll sergeant (D:8)
  5 wights (D:6)
  2 howler monkeys
  2 hounds
  3 jellies
  An orc priest (D:6)
  5 iguanas
  Ijyb (D:3)
  5 orc wizards
  9 gnolls
  4 adders
  A white imp (D:7)
  4 ufetubi
  A worm (D:3)
  4 dart slugs
  24 orcs
  8 ball pythons
  12 endoplasms
  3 giant cockroaches
  6 goblins
  7 hobgoblins
  2 jackals (D:3)
  6 quokkas
  7 bats
  2 frilled lizards
  9 kobolds
  5 rats
160 creatures vanquished.

Vanquished Creatures (others)
  A plant (D:8)
1 creature vanquished.

Grand Total: 161 creatures vanquished

Notes
Turn   | Place    | Note
-------+----------+-------------------------------------------
     0 | D:1      | purpskrrrp the Gargoyle Berserker began the quest for the
                  | Orb.
     0 | D:1      | Reached XP level 1. HP: 14/14 MP: 1/1
   103 | D:1      | Reached XP level 2. HP: 17/19 MP: 2/2
   572 | D:1      | Reached XP level 3. HP: 23/23 MP: 3/3
   665 | D:1      | Reached ** piety under Trog
  1490 | D:2      | Found a glowing golden altar of the Shining One.
  1720 | D:3      | Noticed Ijyb
  1726 | D:3      | Reached XP level 4. HP: 26/29 MP: 4/4
  1735 | D:3      | Killed Ijyb
  2249 | D:3      | Reached skill level 4 in Maces & Flails
  2274 | D:3      | Found a radiant altar of Vehumet.
  2733 | D:4      | Reached XP level 5. HP: 10/33 MP: 5/5
  2998 | D:4      | Noticed an ogre
  3005 | D:4      | Killed an ogre
  3006 | D:4      | Reached XP level 6. HP: 28/38 MP: 6/6
  3229 | D:4      | Reached *** piety under Trog
  3378 | D:4      | Reached skill level 1 in Polearms
  3832 | D:5      | Entered Level 5 of the Dungeon
  3832 | D:5      | Noticed a water moccasin
  3835 | D:5      | Killed a water moccasin
  3836 | D:5      | Reached skill level 5 in Maces & Flails
  3836 | D:5      | Reached XP level 7. HP: 44/44 MP: 7/7
  3870 | D:5      | Found a blossoming altar of Fedhas.
  4204 | D:5      | Found Rurphuum's Book Shoppe.
  4330 | D:5      | Reached skill level 5 in Fighting
  4628 | D:5      | Reached skill level 6 in Maces & Flails
  4628 | D:5      | Reached XP level 8. HP: 27/49 MP: 8/8
  5329 | D:5      | Reached skill level 5 in Armour
  5875 | D:6      | Reached **** piety under Trog
  5902 | D:6      | Found a shadowy altar of Dithmenos.
  5910 | D:6      | Found a hazy altar of Hepliaklqana.
  5913 | D:6      | Found a white marble altar of Elyvilon.
  5940 | D:6      | Reached skill level 7 in Maces & Flails
  6213 | D:6      | Found a sacrificial altar of Ru.
  6417 | D:6      | Reached XP level 9. HP: 55/55 MP: 9/9
  7433 | D:6      | Reached skill level 8 in Maces & Flails
  7532 | D:7      | Found Taajylen's Antique Weapon Boutique.
  7639 | D:7      | Found a staircase to the Ecumenical Temple.
  8000 | D:8      | HP: 2/56 [gnoll sergeant/+7 vampiric spear (4)]
  8577 | D:8      | Reached skill level 5 in Dodging
  9112 | D:8      | Found a staircase to the Lair.
  9121 | D:8      | Killed from afar by an orc priest

Illustrated notes

Levels and vault maps discovered:
D:1:      eino_arrival_cavern_e, layout_loops_ring,
          chequers_hall_statues_wall_a, hangedman_decor_points,
          serial_park_tiny_1, lemuel_old_faithful
D:2:      layout_basic, basic_altar, minmay_misc_feat_more_columns,
          serial_park_tiny_2
D:3:      layout_basic, lemuel_doored_altar, uniq_ijyb
D:4:      layout_basic, minmay_misc_feat_tower, skrybe_limestone_x
D:5:      minmay_inner_zag, layout_loops_ring, fedhas_altar_4, serial_shops,
          nicolae_inconvenience_store
D:6:      layout_basic, grunt_temple_overflow_cloverleaf
D:7:      layout_cave_pools, minmay_temple_entry_grid, serial_shops,
          nicolae_shop_temple_entry_statues_fountains, dk_rats_in_the_wall
D:8:      layout_gridville, erik_lair_orcish_takeover, st_stairs_10

Skill      XL: |  1  2  3  4  5  6  7  8  9 |
---------------+----------------------------+-----
Dodging        | 2 3 4 5 |  5.1
Armour         | 3 4 5 6 |  6.7
Maces & Flails | 4 5 6 7 8 |  8.8
Fighting       | 4 5 6 7 |  7.1
Polearms       | 1 2 |  2.1

Action                   |  1- 3 |  4- 6 |  7- 9 || total
-------------------------+-------+-------+-------++-------
Melee: Mace              |   140 |    89 |       ||   229
       Trident           |       |    54 |    62 ||   116
       Flail             |       |       |   234 ||   234
       Punch             |       |       |     4 ||     4
Throw: Javelin           |       |       |     2 ||     2
Invok: Berserk           |       |       |     2 ||     2
       Trog's Hand       |       |       |     1 ||     1
  Use: Scroll            |       |     3 |    14 ||    17
       Potion            |       |       |     7 ||     7
Armor: Animal skin       |    77 |    44 |       ||   121
       Scale mail        |       |    12 |   179 ||   191
Dodge: Dodged            |    94 |    85 |   190 ||   369

Table legend: (Time is in decaauts)
 A = Elapsed time spent in this place.
 B = Non-inter-level travel time spent in this place.
 C = Inter-level travel time spent in this place.
 D = Time resting spent in this place.
 E = Time spent auto-exploring this place.
 F = Levels seen in this place.
 G = Mean time per level.
                   A        B        C        D        E       F      G
               +--------+--------+--------+--------+--------+-----+--------+
         Total |   9208 |   8958 |    250 |   1897 |   5290 |   8 | 1151.0 |
       Dungeon |   9208 |   8958 |    250 |   1897 |   5290 |   8 | 1151.0 |
               +--------+--------+--------+--------+--------+-----+--------+

Top non-repeatable levels by time:
     D:5: 1826 daAuts
     D:6: 1694 daAuts
     D:4: 1129 daAuts
     D:1: 1026 daAuts
     D:3: 1013 daAuts
     D:8: 943 daAuts
     D:7: 849 daAuts
     D:2: 724 daAuts
